AoeStats
← Thebärbär

Arena

507462818Analyzed
1v1 RM · 14d ago on Sep 18, 2026· 19m 36s· 2 players
Game mode
Random Map
Map size
Tiny (2 player)
Population
200
Speed
Normal
Resources
Standard
Victory
Conquest
Starting age
Dark Age
Ending age
Imperial Age
RankedLock teamsTeams togetherTeam positionsShared explorationLock speedFull tech treeHidden civsTurbo modeCheats
Victory
Defeat
🇩🇪 Vietnamese · Germany
760
+16
🇺🇸 Vikings · United States
767
-16
Thebärbär
11:53 Feudal Age
17:32 Castle Age
16:21 Double-Bit Axe
16:21 Horse Collar
19:19 Scale Barding Armor
XaosKun_YT
1:01 Loom
13:32 Feudal Age
14:05 Double-Bit Axe
14:01 Horse Collar
18:54 Castle Age
19:08 Gold Mining
19:35 Stone Mining
Connection lost

Rejoining the realm…

Still unreachable

The connection could not be restored.

Session expired

The server has moved on; the page needs a fresh start.